 Dungeon Crawl Stone Soup version 0.30.0-20-g3615ddf2f0 (webtiles) character file.

Game seed: 13524107714349054994

1082 qw the Cleaver (level 8, -15/49 HPs)
             Began as a Gargoyle Fighter on May 27, 2023.
             Killed from afar by Maggie (24 damage)
             ... with a bolt of fire
             ... on level 6 of the Dungeon.
             The game lasted 00:01:56 (4517 turns).

qw the Cleaver (Gargoyle Fighter)                   Turns: 4517, Time: 00:01:57

Health: -15/49     AC: 17    Str: 22    XL:     8   Next: 30%
Magic:  8/8        EV:  8    Int:  9    God:
Gold:   319        SH:  4    Dex:  9    Spells: 7/7 levels left

rFire   . . .        Y - +1 war axe
rCold   + . .        c - +0 buckler
rNeg    + + .        l - +0 chain mail
rPois   inf          (no helmet)
rElec   +            (no cloak)
rCorr   .            (no gloves)
SInv    .            g - +2 pair of boots
Will    .....        (no amulet) Stlth
                     e - ring of protection from cold
HPRegen 0.28/turn    a - ring of positive energy
MPRegen 0.11/turn

%: no passive effects
@: mesmerised
A: sickness immunity, AC +5, negative energy resistance 1, electricity
resistance, torment resistance 1, petrification resistance
a: no special abilities


You were on level 6 of the Dungeon.
You visited 1 branch of the dungeon, and saw 6 of its levels.

You collected 319 gold pieces.


Innate Abilities, Weirdness & Mutations

You are immune to sickness and miasma.
Your stone body is resilient. (AC +5)
You are immune to poison.
You resist negative energy. (rN+)
You are resistant to electric shocks. (rElec)
You are resistant to unholy torment.
You are immune to petrification.


   Skills:
 + Level 5.1 Fighting
 - Level 8.0 Axes
 - Level 3.2 Armour
 - Level 1.3 Dodging
 - Level 3.2 Shields


You had 7 spell levels left.
You didn't know any spells.
Your spell library was empty.

Inventory:

Hand Weapons
 q - a +0 flail
 Y - a +1 war axe (weapon)
Armour
 c - a +0 buckler (worn)
 g - a +2 pair of boots (worn)
 l - a +0 chain mail (worn)
Jewellery
 a - a ring of positive energy (right hand)
 b - a ring of ice
 e - a ring of protection from cold (left hand)
Scrolls
 i - 3 scrolls of enchant armour
 k - 3 scrolls of identify
Potions
 d - a potion of might
 f - a potion of cancellation
 h - 4 potions of haste
 m - a potion of attraction
 n - 5 potions of curing

Dungeon Overview and Level Annotations

Branches:
Dungeon (6/15)
 Temple: D:4-7

Altars:
Cheibriados
Hepliaklqana
Kikubaaqudgha
Yredelemnul
Zin

Annotations:
D:6 exclusion: dart slug, Maggie


Message History

Maggie barely misses you. The howler monkey hits you.
You barely miss Maggie.
Maggie is moderately wounded.
You slash the howler monkey!
The howler monkey hits you but does no damage.
Maggie hits you with a +1 morningstar of flaming!
Maggie burns you. The howler monkey barely misses you.
You closely miss the howler monkey.
The howler monkey is heavily wounded.
You hit Maggie but do no damage. You block Maggie's attack.
The howler monkey hits you.
Maggie points at you and mumbles some strange words.
The bolt of fire hits you!!
4514 ||| DRINKING potion of heal wounds.
You feel much better.
The howler monkey hits you but does no damage.
Maggie says, "How do the people who live here stand the isolation?"
Maggie gestures at you while chanting.
The bolt of fire hits you but does no damage.
You closely miss the howler monkey.
The howler monkey is heavily wounded.
You hit Maggie but do no damage. The howler monkey closely misses you.
Maggie casts a spell at you. The bolt of fire hits you!
You hit the howler monkey but do no damage.
The howler monkey is heavily wounded.
You hit Maggie but do no damage.
The howler monkey hits you but does no damage.
The howler monkey hoots and howls with incredible vigour!
Maggie hits you with a +1 morningstar of flaming.
Maggie burns you.
You hear an angry hiss. x2
You closely miss the howler monkey.
The howler monkey is heavily wounded.
You closely miss Maggie.
The howler monkey hoots and howls with incredible vigour!
Maggie gestures at you while chanting. The bolt of fire hits you!!
You die...

####...>##.#..
#........#.# .
# .....###...#
#. # #....
#....# .. ..
##.## ##...#
.##... ...
#....##......
#.
#....#.......
#....#@......
#....@h.#
#.........#
#.............
###...........
#...........#
..............
..............#
#..../...>.....


You could see Maggie (mesmerising) and a howler monkey (catching breath).

Vanquished Creatures
  A yak (D:4)
  A water moccasin (D:4)
  A black bear (D:5)
  A centaur (D:5)
  A phantom (D:4)
  2 howler monkeys (D:4)
  4 hounds
  2 orc priests (D:4)
  A jelly (D:5)
  An iguana (D:4)
  4 orc wizards
  4 gnolls (D:4)
  9 adders
  2 ufetubi (D:4)
  A dart slug (D:3)
  10 orcs
  6 ball pythons
  5 endoplasms
  7 goblins
  2 hobgoblins
  5 kobolds
  A quokka (D:4)
  3 rats
74 creatures vanquished.

Vanquished Creatures (others)
  An adder (D:3)
1 creature vanquished.

Grand Total: 75 creatures vanquished

Notes
Turn   | Place    | Note
-------+----------+-------------------------------------------
     0 | D:1      | qw the Gargoyle Fighter began the quest for the Orb.
     0 | D:1      | Reached XP level 1. HP: 14/14 MP: 1/1
     0 | D:1      | 0 ||| qw: Version: 0.2-a-100-g3d2c45e
     0 | D:1      | 0 ||| qw: Game counter: 187
     0 | D:1      | 0 ||| qw: Always use a shield: true
     0 | D:1      | 0 ||| qw: God list: Okawaru
     0 | D:1      | 0 ||| qw: Allow faded altars: false
     0 | D:1      | 0 ||| qw: Do Orc after D:15 true
     0 | D:1      | 0 ||| qw: Do second Lair branch before Depths: true
     0 | D:1      | 0 ||| qw: Lair rune preference: random
     0 | D:1      | 0 ||| qw: Plans: Normal, Zot:1-4, God:TSO, Crypt, Tomb,
                  | Pan, Slime:5, Hells, Abyss, Win
     0 | D:1      | 0 ||| PLANNING D:1-11
   128 | D:1      | Reached skill level 2 in Axes
   222 | D:1      | Reached XP level 2. HP: 14/19 MP: 2/2
   245 | D:1      | 245 ||| DROPPING +0 club.
   486 | D:1      | 486 ||| UPGRADING to +0 pair of boots.
   491 | D:1      | 491 ||| READING scroll labelled LEINASM TUMP.
   492 | D:1      | 492 ||| READING scroll labelled SEWEAS TIYPLES.
   493 | D:1      | 493 ||| READING 2 scrolls labelled HUXZAM DIFUIM.
   494 | D:1      | 494 ||| READING scroll labelled GUUDGH WECA OXTE.
   497 | D:1      | 497 ||| READING scroll labelled DEMEFIJOIZ.
   498 | D:1      | 498 ||| DROPPING scroll of fog.
   833 | D:2      | Reached skill level 3 in Axes
   954 | D:2      | 954 ||| READING scroll of enchant armour.
   954 | D:2      | 954 ||| ENCHANTING +0 pair of boots.
  1032 | D:2      | Reached XP level 3. HP: 23/23 MP: 3/3
  1176 | D:2      | 1176 ||| READING scroll of enchant armour.
  1176 | D:2      | 1176 ||| ENCHANTING +1 pair of boots.
  1388 | D:2      | 1388 ||| UPGRADING to +0 chain mail.
  1398 | D:2      | 1398 ||| DROPPING +0 scale mail.
  1399 | D:2      | 1399 ||| READING scroll labelled XOYCOC LED.
  1400 | D:2      | 1400 ||| READING scroll labelled HEAPNO TISE.
  1401 | D:2      | 1401 ||| READING scroll labelled UMYECZ EPIT.
  1402 | D:2      | 1402 ||| DRINKING 2 lumpy amethyst potions.
  1503 | D:3      | 1503 ||| FLEEEEING.
  1553 | D:3      | Reached XP level 4. HP: 28/28 MP: 4/4
  1756 | D:3      | 1756 ||| Stepping ~*~*~tactically~*~*~ (stealth).
  1758 | D:3      | 1758 ||| Stepping ~*~*~tactically~*~*~ (stealth).
  1763 | D:3      | 1763 ||| Stepping ~*~*~tactically~*~*~ (hiding).
  1773 | D:3      | Reached skill level 4 in Axes
  1842 | D:3      | Found a hazy altar of Hepliaklqana.
  1846 | D:3      | 1846 ||| UPGRADING to ring of protection from cold.
  1847 | D:3      | 1847 ||| READING scroll labelled JOUSIJ ASOXOCW.
  1943 | D:3      | Found a glowing silver altar of Zin.
  2150 | D:4      | Found an ancient bone altar of Kikubaaqudgha.
  2160 | D:4      | 2160 ||| Stepping ~*~*~tactically~*~*~ (hiding).
  2161 | D:4      | 2161 ||| Stepping ~*~*~tactically~*~*~ (hiding).
  2170 | D:4      | Reached XP level 5. HP: 21/32 MP: 5/5
  2173 | D:4      | 2173 ||| Stepping ~*~*~tactically~*~*~ (stealth).
  2174 | D:4      | 2174 ||| Stepping ~*~*~tactically~*~*~ (stealth).
  2175 | D:4      | 2175 ||| Stepping ~*~*~tactically~*~*~ (stealth).
  2176 | D:4      | 2176 ||| Stepping ~*~*~tactically~*~*~ (stealth).
  2186 | D:4      | HP: 5/32 [orc priest/divine providence (14)]
  2198 | D:4      | Reached skill level 5 in Axes
  2198 | D:4      | HP: 4/32 [orc/+0 hand axe (5)]
  2311 | D:4      | 2311 ||| DROPPING +0 whip.
  2384 | D:4      | Noticed a water moccasin
  2393 | D:4      | Killed a water moccasin
  2394 | D:4      | Reached XP level 6. HP: 40/40 MP: 6/6
  2487 | D:4      | Found a basalt altar of Yredelemnul.
  2516 | D:4      | Reached XP level 7. HP: 17/44 MP: 7/7
  2689 | D:4      | Reached skill level 6 in Axes
  2743 | D:4      | 2743 ||| Stepping ~*~*~tactically~*~*~ (hiding).
  2745 | D:4      | 2745 ||| Stepping ~*~*~tactically~*~*~ (hiding).
  2856 | D:4      | 2856 ||| Stepping ~*~*~tactically~*~*~ (hiding).
  2992 | D:4      | 2992 ||| Stepping ~*~*~tactically~*~*~ (hiding).
  2993 | D:4      | 2993 ||| Stepping ~*~*~tactically~*~*~ (hiding).
  2994 | D:4      | 2994 ||| Stepping ~*~*~tactically~*~*~ (hiding).
  3002 | D:4      | Reached skill level 1 in Dodging
  3120 | D:4      | 3120 ||| Stepping ~*~*~tactically~*~*~ (stealth).
  3170 | D:4      | Noticed a yak
  3171 | D:4      | 3171 ||| Stepping ~*~*~tactically~*~*~ (stealth).
  3172 | D:4      | 3172 ||| Stepping ~*~*~tactically~*~*~ (stealth).
  3182 | D:4      | Killed a yak
  3232 | D:4      | Reached skill level 7 in Axes
  3453 | D:4      | 3453 ||| READING scroll labelled HUFEABL JOSUY.
  3454 | D:4      | 3454 ||| DRINKING 2 fizzy emerald potions.
  3455 | D:4      | 3455 ||| DRINKING 3 bubbling grey potions.
  3456 | D:4      | 3456 ||| DRINKING 2 sapphire potions.
  3457 | D:4      | 3457 ||| READING 3 scrolls of identify.
  3457 | D:4      | 3457 ||| IDENTIFYING amethyst potion
  3458 | D:4      | 3458 ||| READING 2 scrolls of identify.
  3458 | D:4      | 3458 ||| IDENTIFYING fuming green potion
  3459 | D:4      | 3459 ||| DROPPING potion of berserk rage.
  3460 | D:4      | 3460 ||| DROPPING potion of degeneration.
  3476 | D:5      | Entered Level 5 of the Dungeon
  3562 | D:5      | 3562 ||| FLEEEEING.
  3564 | D:5      | 3564 ||| FLEEEEING.
  3566 | D:5      | 3566 ||| FLEEEEING.
  3567 | D:5      | 3567 ||| FLEEEEING.
  3574 | D:5      | 3574 ||| FLEEEEING.
  3575 | D:5      | 3575 ||| FLEEEEING.
  3576 | D:5      | 3576 ||| FLEEEEING.
  3577 | D:5      | 3577 ||| FLEEEEING.
  3583 | D:5      | Reached XP level 8. HP: 46/49 MP: 8/8
  4032 | D:5      | Reached skill level 8 in Axes
  4424 | D:5      | 4424 ||| UPGRADING to ring of positive energy.
  4425 | D:5      | 4425 ||| READING 2 scrolls labelled GAONA YFASAQ.
  4426 | D:5      | 4426 ||| READING scroll labelled AKEFEYH SYUTO.
  4427 | D:5      | 4427 ||| READING scroll labelled ITYTATTYGU.
  4428 | D:5      | 4428 ||| READING 3 scrolls of identify.
  4428 | D:5      | 4428 ||| IDENTIFYING golden potion
  4429 | D:5      | 4429 ||| DROPPING scroll of blinking.
  4463 | D:6      | Found a snail-covered altar of Cheibriados.
  4507 | D:6      | Noticed Maggie
  4513 | D:6      | HP: 11/49 [Maggie/bolt of fire (19)]
  4514 | D:6      | 4514 ||| DRINKING potion of heal wounds.
  4517 | D:6      | Killed from afar by Maggie

Levels and vault maps discovered:
D:1:      dpeg_arrival_rhombus, layout_basic
D:2:      layout_basic
D:3:      layout_rooms, mainiacjoe_overflow_alcove_1, amcnicky_altar_gilded,
          lemuel_flame_loot_1
D:4:      layout_basic, yredelemnul_altar_generic, kiku_gazebo_pond_becter,
          minmay_manual_macuahuitl
D:5:      layout_basic
D:6:      layout_cave_pools, nicolae_elyvilon_peaceful_grove,
          kennysheep_slug_shrine, minmay_temple_entry_butterflies, uniq_maggie

Skill      XL: |  1  2  3  4  5  6  7  8 |
---------------+-------------------------+-----
Axes           | 2 3 4 5 7 8 |  8.0
Fighting       | 4 5 |  5.1
Dodging        | 1 |  1.3
Armour         | |  3.2
Shields        | |  3.2

Action                     |  1- 3 |  4- 6 |  7- 9 || total
---------------------------+-------+-------+-------++-------
  Melee: War axe           |    82 |    95 |   110 ||   287
    Use: Scroll            |    10 |     1 |     7 ||    18
         Potion            |     1 |       |     4 ||     5
 Armour: Scale mail        |    31 |       |       ||    31
         Chain mail        |    27 |    91 |    87 ||   205
  Dodge: Dodged            |    31 |    49 |    38 ||   118
  Block: Buckler           |    14 |    27 |    25 ||    66

Table legend:
 A = Non-vault XP
 B = Vault XP
 C = Vault XP percentage of total XP
 D = Non-vault monster count
 E = Vault monster count
 F = Vault count percentage of total count
                 A         B        C        D         E       F
            +---------+---------+-------+---------+---------+-------
      Total |    1179 |     367 |  23.7 |      66 |       8 |  10.8
            +---------+---------+-------+---------+---------+-------
        D:1 |      13 |       0 |   0.0 |       7 |       0 |   0.0
        D:2 |      37 |       0 |   0.0 |       9 |       0 |   0.0
        D:3 |      83 |       0 |   0.0 |      13 |       0 |   0.0
        D:4 |     566 |     367 |  39.3 |      27 |       8 |  22.9
        D:5 |     467 |       0 |   0.0 |       9 |       0 |   0.0
        D:6 |      13 |       0 |   0.0 |       1 |       0 |   0.0
            +---------+---------+-------+---------+---------+-------
